 Dungeon Crawl Stone Soup version 0.22-a0-422-g9628fc8 (webtiles) character file.

163 DrEnzyme the Shield-Bearer (level 5, -1/41 HPs)
             Began as a Human Fighter on May 18, 2018.
             Succumbed to an orc wizard's poison
             ... on level 4 of the Dungeon.
             The game lasted 00:11:55 (2439 turns).

DrEnzyme the Shield-Bearer (Human Fighter)          Turns: 2439, Time: 00:11:56

Health: -1/41      AC:  7    Str: 15 (17) XL:     5   Next: 73%
Magic:  5/5        EV: 14    Int: 10 (13) God:
Gold:   204        SH:  9    Dex: 16 (18) Spells: 4/4 levels left

rFire    . . .     SeeInvis .   a - +0 long sword
rCold    . . .     Gourm    .   c - +0 shield
rNeg     . . .     Faith    .   r - +2 ring mail {MR+}
rPois    .         Spirit   .   (no helmet)
rElec    .         Reflect  .   (no cloak)
rCorr    .         Harm     .   (no gloves)
MR       +....                  (no boots)
Stlth    ++........             (no amulet)
HPRegen  0.13/turn              (no ring)
MPRegen  0.09/turn              (no ring)

@: brilliant, agile, lethally poisoned (-1 -> -23)
A: no striking features
a: no special abilities


You were on level 4 of the Dungeon.
You were very hungry.

You visited 1 branch of the dungeon, and saw 4 of its levels.

You collected 204 gold pieces.

Inventory:

Hand Weapons
 a - a +0 long sword (weapon)
 b - a +0 blowgun
Missiles
 m - 77 stones (quivered)
 u - a poisoned needle
 w - 4 needles of confusion
Armour
 c - a +0 shield (worn)
 r - a +2 ring mail of magic resistance (worn)
 t - a +0 scale mail
Magical Staves
 x - an uncursed staff of poison
Scrolls
 g - a scroll of amnesia {unknown}
 i - a scroll of identify
 j - 2 scrolls of immolation
 k - 2 scrolls of random uselessness {unknown}
 o - a scroll of fear {unknown}
 p - a scroll of fog {unknown}
 q - 2 scrolls of remove curse {unknown}
Potions
 d - a potion of might
 e - 3 potions of lignification
 h - 2 potions of agility
 v - a potion of resistance {unknown}
Comestibles
 f - 9 rations


   Skills:
 * Level 3.3 Fighting
 * Level 3.3 Long Blades
 + Level 0.9 Throwing
 * Level 3.6 Armour
 * Level 1.6 Dodging
 * Level 3.8 Shields


You had 4 spell levels left.
You didn't know any spells.
Your spell library was empty.

Dungeon Overview and Level Annotations

Branches:
Dungeon (4/15)
 Temple: D:4-7

Altars:

Annotations:
D:2 exclusion: downstairs


Message History

The orc wizard is severely wounded.
* * * LOW HITPOINT WARNING * * *
You feel sick.
The orc wizard points at you and mumbles some strange words.
The magic dart hits you!
* * * LOW HITPOINT WARNING * * *
The orc wizard hits you but does no damage.
You are more poisoned.
You slash the orc wizard!
You kill the orc wizard!
* * * LOW HITPOINT WARNING * * *
You feel very sick.
It was a potion of brilliance.
You feel clever all of a sudden.
* * * LOW HITPOINT WARNING * * *
You feel sick.
It was a potion of degeneration.
There was something very wrong with that liquid.
You feel weakened.
You feel dopey.
You feel clumsy.
You die...

.# .##... .. ..
###......
.......#....#..#(..
.......#.##.#.....#
.......#........(..
..........(((((..#
.....#.#.........
#...[.)).......
###...#@##..#..#
###.))..(........
#...<)..########.#
#.#..##.# #
#.#..##.# #.......#
###..##.# ##.##.#
#....#


There were no monsters in sight!

Vanquished Creatures
  An orc priest (D:4)
  An orc wizard (D:4)
  2 adders
  A worm (D:2)
  4 dart slugs
  3 leopard geckos
  6 orcs
  2 giant cockroaches (D:1)
  8 goblins
  9 hobgoblins
  8 jackals
  9 kobolds
  6 bats
  A frilled lizard (D:1)
  7 rats
68 creatures vanquished.

Notes
Turn   | Place    | Note
-------+----------+-------------------------------------------
     0 | D:1      | DrEnzyme the Human Fighter began the quest for the Orb.
     0 | D:1      | Reached XP level 1. HP: 18/18 MP: 1/1
   125 | D:1      | Reached XP level 2. HP: 22/24 MP: 2/2
   411 | D:1      | Reached XP level 3. HP: 28/29 MP: 3/3
   961 | D:2      | Reached XP level 4. HP: 31/35 MP: 4/4
  2110 | D:3      | Reached XP level 5. HP: 41/41 MP: 5/5
  2409 | D:4      | Reached skill level 1 in Dodging
  2438 | D:4      | HP: 1/41 [poisoned by an orc wizard]
  2439 | D:4      | Succumbed to an orc wizard's poison

Vault maps used:
D:1:      co_arrival_square_in_a_square_in_a_square, minmay_domino_4
D:3:      first_ration
D:4:      nicolae_dithmenos_shadow_blocks

Skill      XL: |  1  2  3  4  5 |
---------------+----------------+-----
Long Blades    | 3 |  3.3
Dodging        | 1 |  1.6
Fighting       | |  3.3
Throwing       | |  0.9
Armour         | |  3.6
Shields        | |  3.8

Action                   |  1- 3 |  4- 6 || total
-------------------------+-------+-------++-------
Melee: Long sword        |   116 |   113 ||   229
 Fire: Blowgun           |       |    13 ||    13
Throw: Stone             |     1 |       ||     1
  Use: Scroll            |       |     2 ||     2
       Potion            |       |     3 ||     3
  Eat: Chunk             |       |     4 ||     4
Armor: Scale mail        |    54 |    43 ||    97
       Ring mail         |       |     9 ||     9
Dodge: Dodged            |    30 |    42 ||    72
Block: Shield            |    55 |    62 ||   117
       Rpst.: Long sword |    12 |    15 ||    27

Table legend:
 A = Spawn XP
 B = Non-spawn XP
 C = Spawn XP percentage of total XP
 D = Spawn monster count
 E = Non-spawn monster count
 F = Spawn count percentage of total count
 G = Total turns spent on level
                    A         B        C        D         E        F      G
               +---------+---------+-------+---------+---------+-------+---------
         Total |       0 |     234 |   0.0 |       0 |      68 |   0.0 |  2439
               +---------+---------+-------+---------+---------+-------+---------
           D:1 |       0 |      47 |   0.0 |       0 |      24 |   0.0 |   772
           D:2 |       0 |      50 |   0.0 |       0 |      19 |   0.0 |   825
           D:3 |       0 |      52 |   0.0 |       0 |      20 |   0.0 |   772
           D:4 |       0 |      85 |   0.0 |       0 |       5 |   0.0 |    70
               +---------+---------+-------+---------+---------+-------+---------
